 Dungeon Crawl Stone Soup version 0.27.0-1-g7a089689b8 (webtiles) character file.

Game seed: 9834262535962656345

86 dtburroughs the Skirmisher (level 4, -1/41 HPs)
             Began as a Minotaur Berserker on Aug 5, 2021.
             Was a Believer of Trog.
             Slain by a gnoll (7 damage)
             ... on level 2 of the Dungeon.
             The game lasted 00:02:56 (3147 turns).

dtburroughs the Skirmisher (Minotaur Berserker)     Turns: 3147, Time: 00:02:56

Health: -1/41      AC:  2    Str: 21    XL:     4   Next: 27%
Magic:  3/3        EV: 12    Int:  5    God:    Trog [**....]
Gold:   6          SH:  0    Dex: 10    Spells: 3/3 levels left

rFire    . . .     SeeInvis .   a - +0 hand axe
rCold    . . .     Faith    .   (no shield)
rNeg     . . .     Spirit   .   b - +0 animal skin
rPois    .         Reflect  .   (helmet restricted)
rElec    .         Harm     .   (no cloak)
rCorr    .         Rampage  .   (no gloves)
Will     .....                  (no boots)
Stlth    +.........             (no amulet)
HPRegen  0.13/turn              (no ring)
MPRegen  0.08/turn              (no ring)

@: no status effects
A: horns 2, retaliatory headbutt
a: Renounce Religion, Berserk, Trog's Hand


You were on level 2 of the Dungeon.
You worshipped Trog.
Trog was pleased with you.
You visited 1 branch of the dungeon, and saw 3 of its levels.

You collected 6 gold pieces.

Inventory:

Hand Weapons
 a - a +0 hand axe (weapon)
Armour
 b - a +0 animal skin (worn)
Jewellery
 d - a ring of positive energy
 k - an amulet of the acrobat
Wands
 l - a wand of flame (14)
Scrolls
 e - a scroll of immolation {unknown}
 f - 2 scrolls of teleportation {unknown}
 h - 3 scrolls of identify {unknown}
Potions
 c - a potion of heal wounds {unknown}
 g - a potion of degeneration {unknown}
 i - a potion of attraction {unknown}
 j - a potion of curing {unknown}
 m - a potion of lignification {unknown}


   Skills:
 + Level 4.4 Fighting
 + Level 4.3 Axes
 + Level 3.5 Armour
 + Level 3.1 Dodging


You had 3 spell levels left.
You didn't know any spells.
Your spell library was empty.

Dungeon Overview and Level Annotations

Branches:
Dungeon (3/15)

Altars:

Shops:
D:3 ?


Innate Abilities, Weirdness & Mutations

You have a pair of horns on your head.
You reflexively headbutt those who attack you in melee.


Message History

h - 3 scrolls labelled UDIBOH JATITRO (gained 1)
Found 8 curare-tipped darts.
A gnoll comes into view. It is wielding a +0 flail.
Found a stone staircase leading down.
A gnoll comes into view. It is wielding a +0 club.
A gnoll comes into view. It is wielding a +0 whip.
The gnoll shouts!
An orc comes into view. It is wielding a +0 hand axe.
An orc comes into view. It is wielding a +0 mace.
The orc shouts! x2; You hear a shout!
An orc comes into view. It is wielding a +0 flail.
A gnoll comes into view. It is wielding a +0 halberd.
The gnoll shouts!
You hear a shout!
You see here 8 curare-tipped darts.
The gnoll closely misses you.
An ufetubus comes into view.
The ufetubus shouts!
You hit the ufetubus. You headbutt the ufetubus.
You kill the ufetubus!
Trog accepts your kill.
You barely miss the gnoll. The gnoll hits you with a +0 flail!
There is a stone staircase leading up here.
The gnoll closely misses you. The gnoll hits you with a +0 whip.
The gnoll hits you with a +0 flail!
You climb upwards.
There is a stone staircase leading down here.
You hit the gnoll but do no damage. You hit the gnoll.
The gnoll hits you with a +0 whip. The gnoll hits you with a +0 flail.
You slash the gnoll!
The gnoll is heavily wounded.
You hit the gnoll. The gnoll hits you with a +0 whip.
* * * LOW HITPOINT WARNING * * *
The gnoll closely misses you. The gnoll hits you with a +0 whip.
* * * LOW HITPOINT WARNING * * *
You hit the gnoll but do no damage.
The gnoll is heavily wounded.
You hit the gnoll but do no damage. The gnoll misses you.
The gnoll hits you with a +0 whip!
You die...

################
#..............#
###.############.#####
≈##.# #.............#
≈≈≈.# #.#######.###.#
≈≈≈≈## #.# #.# #†#
≈≈≈≈≈# #.# #.# #.#
≈≈≈≈≈# #.# #g# #.#
#≈≈≈≈# #.# ##@###.#
###### #.# #..g##<#
#.# #..###.#
########.### #.## #.#
...........####.####.#
########..........)..#
###.####.###### #...#
#.# #.### #.#


You could see 2 gnolls.

Vanquished Creatures
  2 adders (D:2)
  An ufetubus (D:3)
  2 worms
  A dart slug (D:1)
  An orc (D:2)
  4 ball pythons
  5 bats
  8 endoplasms
  A giant cockroach (D:2)
  4 goblins
  4 hobgoblins
  11 kobolds
  4 rats
  4 toadstools (D:1)
52 creatures vanquished.

Notes
Turn   | Place    | Note
-------+----------+-------------------------------------------
     0 | D:1      | dtburroughs the Minotaur Berserker began the quest for the
                  | Orb.
     0 | D:1      | Reached XP level 1. HP: 19/19 MP: 0/0
   391 | D:1      | Found a faded altar of an unknown god.
   462 | D:1      | Reached XP level 2. HP: 23/27 MP: 1/1
  1602 | D:2      | Reached XP level 3. HP: 29/33 MP: 2/2
  1810 | D:2      | Reached ** piety under Trog
  2700 | D:2      | Reached XP level 4. HP: 33/41 MP: 3/3
  2982 | D:3      | Found Yqem's Magic Scroll Shop.
  3147 | D:2      | Slain by a gnoll

Illustrated notes

Levels and vault maps discovered:
D:1:      ldierk_water_garden, layout_basic, shapermc_ecumenical_altar_gd,
          minivault_14
D:2:      wander_river, layout_loops_ring, minmay_split_cup_large
D:3:      layout_basic, serial_shops, shop, minmay_misc_feat_enclosed

Skill      XL: |  1  2  3 |
---------------+----------+-----
Fighting       | 4 |  4.4
Axes           | 4 |  4.3
Armour         | 3 |  3.5
Dodging        | 3 |  3.1

Action                   |  1- 3 |  4- 6 || total
-------------------------+-------+-------++-------
Melee: Hand axe          |   103 |    17 ||   120
       Headbutt          |    13 |     4 ||    17
Armor: Animal skin       |    35 |     2 ||    37
Dodge: Dodged            |    79 |    13 ||    92
